 Dungeon Crawl Stone Soup version 0.29.1 (webtiles) character file.

Game seed: 17050607724626203896

17735 greasedhog the Basher (level 12, 0/77 HPs)
             Began as a Gargoyle Abyssal Knight on Sept 13, 2022.
             Was a High Priest of Lugonu.
             Shot with a bolt by a yaktaur (4 damage)
             ... in a volcano.
             The game lasted 00:23:06 (10629 turns).

greasedhog the Basher (Gargoyle Abyssal Knight)    Turns: 10629, Time: 00:23:06

Health: 0/77       AC: 28    Str: 21    XL:     12   Next: 51%
Magic:  19/19      EV:  6    Int: 12    God:    Lugonu [*****.]
Gold:   1159       SH: 10    Dex: 10    Spells: 11/11 levels left

rFire   + + .      SeeInvis .   D - +2 morningstar (flame)
rCold   . . .      Faith    .   q - +0 kite shield
rNeg    + . .      Spirit   .   P - +3 plate armour
rPois   ∞          Reflect  .   A - +2 hat
rElec   +          Harm     .   p - +0 cloak
rCorr   .          Rampage  .   (no gloves)
Will    +....                   B - +0 pair of boots of the Lost Path {Will+}
Stlth   ..........              e - amulet of regeneration
HPRegen 0.22/turn               N - ring of protection from fire
MPRegen 0.16/turn               C - ring of protection from fire

@: no status effects
A: sickness immunity, AC +8, negative energy resistance 1, electricity
resistance, torment resistance 1, petrification resistance
a: Renounce Religion, Depart the Abyss, Bend Space, Banish, Corrupt, Enter the
Abyss


You were in a volcano.
You worshipped Lugonu.
Lugonu was extremely pleased with you.
You visited 3 branches of the dungeon, and saw 13 of its levels.
You visited the Abyss 1 time.
You also visited: Sewer, Ossuary, Bailey and Volcano.

You collected 1159 gold pieces.

Inventory:

Hand Weapons
 D - a +2 morningstar of flaming (weapon)
Armour
 p - a +0 cloak (worn)
 q - a +0 kite shield (worn)
 A - a +2 hat (worn)
 B - the +0 pair of boots of the Lost Path (worn) {Will+}
   (You found it on level 6 of the Dungeon)

   Will:      It increases your willpower.
 P - a +3 plate armour (worn)
Jewellery
 e - an amulet of regeneration (around neck)
 h - a ring of protection from cold
 i - a ring of protection from cold
 y - an amulet of reflection
 C - a ring of protection from fire (right hand)
 N - a ring of protection from fire (left hand)
Wands
 b - a wand of acid (4)
 j - a wand of charming (7)
 m - a wand of flame (21)
 z - a wand of digging (9)
 G - a wand of polymorph (13)
 H - a wand of roots (15)
Scrolls
 c - a scroll of summoning
 d - 2 scrolls of amnesia
 f - 4 scrolls of teleportation
 n - 4 scrolls of blinking
 r - 2 scrolls of enchant armour
 s - 3 scrolls of fog
 t - 6 scrolls of enchant weapon
 u - a scroll of magic mapping
 J - 5 scrolls of poison
 O - a scroll of silence
Potions
 a - 4 potions of attraction
 g - 3 potions of heal wounds
 k - 2 potions of brilliance
 l - a potion of might
 o - 9 potions of curing
 v - a potion of haste {unknown}
 w - 4 potions of lignification
 x - a potion of ambrosia {unknown}
 E - 2 potions of invisibility {unknown}
 F - 2 potions of cancellation {unknown}
 I - a potion of degeneration {unknown}
 K - 4 potions of resistance
 L - 4 potions of flight {unknown}
 M - 2 potions of magic {unknown}


   Skills:
 * Level 9.8 Fighting
 * Level 12.0 Maces & Flails
 - Level 5.0 Armour
 - Level 5.0 Dodging
 * Level 9.3 Shields
 - Level 10.0 Invocations


You had 11 spell levels left.
You didn't know any spells.
Your spell library contained the following spells:

 Spells                   Type           Power      Damage    Failure   Level
 Foxfire                  Conj/Fire      0%         2x1d4     100%        1
 Freeze                   Ice            0%         1d3       100%        1
 Shock                    Conj/Air       0%         1d3       100%        1
 Sting                    Tmut/Pois      0%         1d3       100%        1
 Ensorcelled Hibernation  Hex/Ice        0%         N/A       100%        2
 Poisonous Vapours        Pois/Air       0%         N/A       100%        2
 Conjure Flame            Conj/Fire      0%         6-21      100%        3
 Frozen Ramparts          Ice            0%         1d1       100%        3
 Inner Flame              Hex/Fire       0%         N/A       100%        3
 Ozocubu's Armour         Ice            0%         N/A       100%        3
 Spider Form              Tmut/Pois      0%         N/A       100%        3
 Anguish                  Hex/Necr       0%         N/A       100%        4
 Flame Wave               Conj/Fire      0%         2d4       100%        4
 Hailstorm                Conj/Ice       0%         3d3       100%        4
 Olgreb's Toxic Radiance  Pois           0%         N/A       100%        4
 Freezing Cloud           Conj/Ice/Air   0%         6-21      100%        5
 Metabolic Englaciation   Hex/Ice        0%         N/A       100%        5
 Simulacrum               Ice/Necr       0%         N/A       100%        6
 Ozocubu's Refrigeration  Ice            0%         4d7       100%        7
 Polar Vortex             Ice            0%         N/A       100%        9


Dungeon Overview and Level Annotations

Branches:
Dungeon (11/15)            Temple (1/1) D:6            Lair (1/5) D:11
  Sewer (visited)         Ossuary (visited)          Bailey (visited)
Volcano (1/1)
    Orc: D:9-12

Altars:
Cheibriados
Gozag
Kikubaaqudgha
Sif Muna
Trog
Uskayaw
Zin

Shops:
D:8 (

Portals:
Abyss: Lair:1
Trove: D:11 (give 6 scrolls of fog)

Annotations:
D:5 3 runed translucent doors, themarg's ghost, novice TeCj
D:9 3 runed translucent doors, SensoryNuts's ghost, novice DsFi
D:10 2 transporters, airbud's ghost, journeyman DjFE
Lair:1 exclusion: oklob plant, groovy9's ghost, novice MiFi


Innate Abilities, Weirdness & Mutations

You are immune to sickness and miasma.
Your stone body is resilient. (AC +8)
You are immune to poison.
You resist negative energy. (rN+)
You are resistant to electric shocks. (rElec)
You are resistant to unholy torment.
You are immune to petrification.


Message History

Your red devil hits the yaktaur from afar with a +0 trident.
The yaktaur is skewered by barbed spikes.
The yaktaur unwields a +0 arbalest of flaming.
It stops flaming.
The yaktaur hits your molten gargoyle but does no damage.
Your molten gargoyle hits the yaktaur with a +0 mace of protection.
The yaktaur is engulfed in flames!
Your red devil hits the yaktaur from afar with a +0 trident!
The yaktaur dies!
Lugonu accepts your kill.
The yaktaur shoots a bolt.
The bolt hits your molten gargoyle!
The yaktaur shoots a bolt.
The bolt hits your molten gargoyle.
Unknown command.
The yaktaur shoots a bolt.
The bolt hits your molten gargoyle but does no damage.
The yaktaur shoots a bolt.
The bolt hits your molten gargoyle!!
Your molten gargoyle is destroyed!
Your molten gargoyle dissolves into shadows!
Your red devil hits the yaktaur from afar with a +0 trident!
The yaktaur is skewered by barbed spikes.
The yaktaur shoots a bolt.
The bolt hits your red devil!!
Your red devil hits the yaktaur with a +0 trident.
The yaktaur is skewered by barbed spikes.
Unknown command.
The yaktaur shoots a bolt.
The bolt barely misses your red devil. You block the bolt.
Your red devil hits the yaktaur with a +0 trident!
The yaktaur is skewered by barbed spikes.
Unknown command.
The yaktaur shoots a bolt.
You block the bolt.
Your red devil hits the yaktaur with a +0 trident!
The yaktaur dies!
Lugonu accepts your kill.
Your Maces & Flails skill increases to level 12!
You swap places.
The air gets thick with the scent of sulphur.
The yaktaur shoots a bolt.
The bolt hits you!!
* * * LOW HITPOINT WARNING * * *
The bolt burns you.
You die...

#§ §§§#######≈≈≈ ≈#
≈≈≈###!$$$$###≈§§
≈##.#.[.).#.##≈ ≈#
#..+.$.$.+..# §≈# §
##..+.._..+..##≈§≈§
§≈≈#...#d....#...#§§≈≈
≈≈≈#...#######...#§≈≈≈
≈§§#.c.@.)...'...#§≈≈≈
≈§≈#...#4.≈).#...#≈≈≈≈
≈≈≈#...#8≈≈≈8#)..#≈≈§#
§ ##..'..≈..').## ≈≈
#..'.....'..#
##.#8...8#)##≈
≈###.....###§≈≈
§≈≈§§.....§≈§§≈#
§§≈§§8...8≈≈≈≈##


You could see a red draconian, a yaktaur (ally target) and a friendly red devil
(summoned).

Vanquished Creatures
  A centaur warrior (Volcano)
  A hydra (D:9)
  A two-headed ogre (D:9)
  A manticore (D:11)
  A cyclops (D:9)
  Maggie (D:7)
  A yaktaur (Volcano)
  A kobold demonologist (D:9)
  A komodo dragon (D:9)
  A hornet (D:8)
  3 trolls
  A shadow (D:10)
  A wyvern (D:5)
  24 yaks
  Menkaure (D:7)
  Grum (D:11)
  3 steam dragons
  Duvessa (D:7)
  A water moccasin (D:7)
  2 hell hounds (Lair:1)
  Pargi (Sewer)
  6 orc warriors
  A sky beast (D:7)
  11 wolves
  9 centaurs
  2 phantoms
  2 kobold brigands
  An elf zombie (Ossuary)
  4 bullfrogs
  4 gnoll sergeants (D:9)
  5 scorpions
  2 necrophages
  7 wights
  Dowan (D:7)
  A killer bee (D:9)
  9 howler monkeys
  7 hounds
  3 jellies
  4 human zombies (Ossuary)
  Crazy Yiuf (D:4)
  A centaur zombie (Ossuary)
  6 orc priests
  5 iguanas
  3 gnoll boudas
  13 orc wizards
  2 mummies (Ossuary)
  19 gnolls
  13 adders
  2 shadow imps
  A white imp (D:5)
  3 ufetubi
  An adder zombie (Ossuary)
  2 dart slugs
  41 orcs
  7 endoplasms
  4 giant cockroaches
  9 goblins
  7 hobgoblins
  8 jackals
  4 ball pythons
  13 bats
  A frilled lizard (Sewer)
  8 hobgoblin zombies (Ossuary)
  2 jackal zombies (Ossuary)
  7 kobolds
  9 kobold zombies (Ossuary)
  8 orc zombies (Ossuary)
  9 rats
  2 rat zombies (Ossuary)
339 creatures vanquished.

Vanquished Creatures (collateral kills)
  2 yaktaurs (Volcano)
  A quokka (D:4)
3 creatures vanquished.

Vanquished Creatures (others)
  8 fungi (D:7)
  8 plants (Lair:1)
16 creatures vanquished.

Grand Total: 358 creatures vanquished

Notes
Turn   | Place    | Note
-------+----------+-------------------------------------------
     0 | Abyss:1  | greasedhog the Gargoyle Abyssal Knight began the quest for
                  | the Orb.
     0 | Abyss:1  | Reached XP level 1. HP: 14/14 MP: 2/2
     1 | D:1      | Escaped the Abyss
   280 | D:1      | Reached XP level 2. HP: 19/19 MP: 3/3
   918 | D:2      | Reached XP level 3. HP: 22/24 MP: 4/4
  1047 | D:2      | Identified the +2 leather armour "Lotufaj" {rPois rF++}
  1286 | D:2      | Reached skill level 3 in Maces & Flails
  1286 | D:2      | Reached XP level 4. HP: 29/29 MP: 4/6
  1583 | D:3      | Reached *** piety under Lugonu
  1620 | D:3      | Found a faded altar of an unknown god.
  1629 | D:3      | Got Plato's Precepts of Ozone
  2146 | D:4      | Noticed a black bear
  2158 | D:3      | Reached XP level 5. HP: 17/34 MP: 7/7
  2222 | D:4      | Noticed a black bear
  2244 | D:4      | Banished a black bear
  2269 | D:4      | Reached skill level 5 in Fighting
  2269 | D:4      | Reached XP level 6. HP: 22/40 MP: 5/8
  2388 | D:4      | Banished a black bear
  2389 | D:4      | Reached skill level 4 in Maces & Flails
  2766 | D:4      | Found a runed translucent door.
  2767 | D:4      | Noticed Crazy Yiuf
  2823 | D:4      | Found a shimmering blue altar of Sif Muna.
  2832 | D:4      | Found an opulent altar of Gozag.
  2915 | D:4      | Killed Crazy Yiuf
  2971 | D:5      | Entered Level 5 of the Dungeon
  2973 | D:5      | Found a bloodstained altar of Trog.
  3024 | D:5      | Found a glowing drain.
  3067 | D:5      | Reached XP level 7. HP: 39/44 MP: 10/10
  3128 | D:5      | Reached skill level 5 in Invocations
  3169 | Sewer    | Entered a sewer
  3180 | Sewer    | Noticed Pargi
  3196 | Sewer    | Killed Pargi
  3197 | Sewer    | Reached skill level 5 in Maces & Flails
  3353 | D:5      | Found a runed translucent gate.
  3353 | D:5      | Found a runed translucent gate.
  3365 | D:5      | Found a runed translucent gate.
  3433 | D:5      | Noticed a wyvern
  3511 | D:5      | Reached XP level 8. HP: 49/49 MP: 12/12
  3519 | D:5      | Reached **** piety under Lugonu
  3547 | D:5      | Reached skill level 5 in Armour
  3582 | D:5      | Killed a wyvern
  3583 | D:5      | Reached skill level 1 in Dodging
  3585 | D:5      | Reached skill level 6 in Maces & Flails
  3865 | D:5      | Noticed themarg's ghost (novice TeCj)
  4038 | D:6      | Noticed a yak
  4048 | D:6      | Noticed a yak
  4075 | D:6      | Noticed a yak
  4087 | D:5      | Reached XP level 9. HP: 54/54 MP: 14/14
  4232 | D:4      | Reached skill level 7 in Maces & Flails
  4257 | D:6      | Found an ancient bone altar of Kikubaaqudgha.
  4363 | D:6      | Found a hide-covered altar of Uskayaw.
  4427 | D:6      | Identified the +0 pair of boots of the Lost Path {Will+}
  4738 | D:6      | Found a staircase to the Ecumenical Temple.
  4812 | Temple   | Entered the Ecumenical Temple
  4860 | D:7      | Found a glowing silver altar of Zin.
  5119 | D:7      | Noticed a hornet
  5121 | D:7      | Banished a hornet
  5152 | D:7      | Noticed Maggie
  5183 | D:7      | Killed Maggie
  5184 | D:7      | Reached skill level 8 in Maces & Flails
  5251 | D:7      | Reached XP level 10. HP: 56/59 MP: 16/16
  5265 | D:7      | Noticed Menkaure
  5299 | D:7      | Killed Menkaure
  5300 | D:7      | Reached skill level 5 in Dodging
  5378 | D:7      | Noticed Duvessa
  5379 | D:7      | Noticed Dowan
  5399 | D:7      | Killed Duvessa
  5400 | D:7      | Reached skill level 1 in Shields
  5429 | D:7      | Killed Dowan
  5861 | D:8      | Reached ***** piety under Lugonu
  5892 | D:8      | Found a flagged portal.
  5922 | D:8      | Found a sand-covered staircase.
  5978 | Ossuary  | Entered an ossuary
  6252 | Bailey   | Entered a bailey
  6759 | Bailey   | Noticed an orc knight
  6762 | Bailey   | Reached skill level 9 in Maces & Flails
  6762 | Bailey   | Banished an orc knight
  7211 | D:8      | Reached skill level 10 in Invocations
  7481 | D:8      | Found Foghahiti's Weapon Shoppe.
  7729 | D:8      | Reached skill level 5 in Shields
  7864 | D:9      | Reached XP level 11. HP: 61/64 MP: 18/18
  7976 | D:9      | Noticed a four-headed hydra
  7993 | D:9      | Killed a four-headed hydra
  7994 | D:9      | Reached skill level 10 in Maces & Flails
  8133 | D:9      | Noticed a two-headed ogre
  8141 | D:9      | Killed a two-headed ogre
  8179 | D:9      | Noticed a cyclops
  8193 | D:9      | Killed a cyclops
  9004 | D:9      | Found a runed translucent gate.
  9005 | D:9      | Found a runed translucent gate.
  9005 | D:9      | Found a runed translucent gate.
  9005 | D:9      | Found an opulent altar of Gozag.
  9007 | D:9      | Noticed a death knight
  9007 | D:9      | Noticed a centaur warrior
  9007 | D:9      | Noticed SensoryNuts's ghost (novice DsFi)
  9031 | D:10     | Entered Level 10 of the Dungeon
  9236 | D:9      | Reached skill level 11 in Maces & Flails
  9249 | D:9      | Reached ****** piety under Lugonu
  9394 | D:10     | Found a transporter.
  9399 | D:10     | Noticed a deep troll
  9402 | D:10     | Identified the +1 scale mail "Jeykethro" {Rampage}
  9403 | D:10     | Noticed airbud's ghost (journeyman DjFE)
  9412 | D:10     | Noticed a moth of wrath
  9416 | D:10     | Found a bloodstained altar of Trog.
  9426 | D:10     | Noticed a two-headed ogre
  9595 | D:10     | Found a transporter.
  9721 | D:11     | Noticed Grum
  9755 | D:11     | Killed Grum
  9756 | D:11     | Reached XP level 12. HP: 75/75 MP: 19/19
  9979 | D:11     | Found a staircase to the Lair.
 10051 | D:11     | Found a portal to a secret trove of treasure.
 10143 | Lair:1   | Entered Level 1 of the Lair of Beasts
 10143 | Lair:1   | Noticed a seven-headed hydra
 10144 | Lair:1   | Banished a seven-headed hydra
 10344 | Lair:1   | Found a one-way gate to the infinite horrors of the Abyss.
 10344 | Lair:1   | Noticed groovy9's ghost (novice MiFi)
 10438 | Lair:1   | Found a dark tunnel.
 10453 | Volcano  | Entered a volcano
 10469 | Volcano  | Noticed a centaur warrior
 10482 | Volcano  | Found a bloodstained altar of Trog.
 10483 | Volcano  | Noticed a red draconian
 10487 | Volcano  | Killed a centaur warrior
 10628 | Volcano  | Reached skill level 12 in Maces & Flails
 10629 | Volcano  | Shot with a bolt by a yaktaur

Illustrated notes

Levels and vault maps discovered:
D:1:      dpeg_arrival_arbitrary_a, layout_loops_ring, hex_medium
D:2:      layout_rooms, hex_tiny, kennysheep_cluttered_room,
          minmay_rat_gold_closets
D:3:      layout_loops_ring, shapermc_ecumenical_altar_rom_forum
D:4:      layout_cave_pools, mainiacjoe_overflow_swirl, bh_walls_and_bars,
          uniq_crazy_yiuf_cottage
D:5:      layout_rooms, trog_three_pillars_becter, gammafunk_ghost_icy,
          gup_sewer_entry_glass, minmay_misc_feat_square, minmay_joined_circles
D:6:      layout_rooms, eat_drink_and_be_merry_uskayaw,
          nicolae_kikubaaqudgha_miasma_corner, minmay_temple_entry_junction
D:7:      old_forge, layout_loops_ring, lemuel_coloured_pillars_altar,
          uniq_duvessa, uniq_menkaure, uniq_maggie
D:8:      layout_cave_pods, enter_bailey_5, serial_shops, nicolae_diamond_shop,
          enter_ossuary_1, serial_glass, glass_columns_b, glass_columns_a,
          kennysheep_generic_room_2
D:9:      minmay_polygon_palace, layout_loops_ring, ebering_ghost_gozag
D:10:     layout_cave_pools, gammafunk_ghost_wrathful_warriors,
          evilmike_minifort
D:11:     layout_big_octagon, lair_entry_dummy, enter_trove_3, uniq_grum
Temple:   nicolae_temple_elliptical
Lair:1:   layout_chaotic_city, enter_volcano_3, gammafunk_ghost_abyssal_escape,
          chequers_serial_rivers_small_3, serial_bayou_lagoon_a,
          minmay_lair_oklob_bushes, minivault_24, beast_lair_carwin_3,
          lemuel_fruit_fields, lemuel_fruit_tree
Volcano:  kennysheep_volcano_temple

Skill      XL: |  1  2  3  4  5  6  7  8  9 10 11 12 |
---------------+-------------------------------------+-----
Fighting       | 4 5 8 9 |  9.8
Maces & Flails | 3 4 5 6 8 9 11 12 | 12.0
Invocations    | 3 4 5 7 8 10 | 10.0
Armour         | 3 4 5 |  5.0
Dodging        | 2 4 5 |  5.0
Shields        | 5 8 9 |  9.3

Action                   |  1- 3 |  4- 6 |  7- 9 | 10-12 || total
-------------------------+-------+-------+-------+-------++-------
Melee: Mace              |    87 |   178 |   396 |       ||   661
       Punch             |       |     3 |     5 |     1 ||     9
       Morningstar       |       |       |     3 |   825 ||   828
Invok: Banish            |       |     2 |     2 |    10 ||    14
Evoke: Wand              |       |     1 |       |       ||     1
  Use: Scroll            |     4 |     5 |     2 |    11 ||    22
       Potion            |       |     1 |       |       ||     1
Armor: Leather armour    |    51 |    98 |   222 |       ||   371
       Ring mail         |     3 |       |       |       ||     3
       Swamp dragon scal |       |       |     2 |   381 ||   383
       Plate armour      |       |       |       |   256 ||   256
Dodge: Dodged            |    63 |   140 |   275 |   454 ||   932
Block: Kite shield       |       |       |       |   496 ||   496
       Reflection        |       |       |       |    16 ||    16
